 Dungeon Crawl Stone Soup version 0.31.0-11-ge490571c62 (webtiles) character file.

Game seed: 16493717556000421497

85 Arcadio the Cudgeller (level 4, -1/28 HPs)
             Began as a Gargoyle Gladiator on Feb 3, 2024.
             Splashed by a jelly's acid (2 damage)
             ... on level 2 of the Dungeon.
             The game lasted 00:01:45 (1524 turns).

Arcadio the Cudgeller (Gargoyle Gladiator)          Turns: 1524, Time: 00:01:46

Health: -1/28      AC:  7    Str: 19    XL:     4   Next: 48%
Magic:  4/4        EV: 11    Int:  9    God:
Gold:   118        SH:  0    Dex: 11    Spells: 3/3 levels left

rFire   . . .        a - +0 flail
rCold   . . .        (no shield)
rNeg    + . .        x - +0 ring mail
rPois   ∞            c - +0 helmet
rElec   +            (no cloak)
rCorr   .            v - +0 pair of gloves
SInv    .            (no boots)
Will    .....        t - amulet of the acrobat
Stlth   +            (no ring)
HPRegen 0.24/turn    (no ring)
MPRegen 0.09/turn

%: acrobat
@: corroded
A: sickness immunity, AC +3, negative energy resistance 1, electricity
resistance, torment resistance 1, petrification resistance
a: no special abilities


You were on level 2 of the Dungeon.
You visited 1 branch of the dungeon, and saw 2 of its levels.

You collected 118 gold pieces.

Inventory:

Hand Weapons
 a - a +0 flail (weapon)
Missiles
 d - 3 throwing nets (quivered)
 e - a javelin
Armour
 b - a +0 leather armour
 c - a +0 helmet (worn)
 v - a +0 pair of gloves (worn)
 x - a +0 ring mail (worn)
Jewellery
 t - an amulet of the acrobat (around neck)
Scrolls
 h - 2 scrolls of teleportation {unknown}
 i - a scroll of acquirement {unknown}
 j - 2 scrolls of enchant armour {unknown}
 l - 2 scrolls of identify {unknown}
 n - a scroll of fog {unknown}
 o - 2 scrolls of silence {unknown}
 p - a scroll of blinking {unknown}
 q - a scroll of amnesia {unknown}
 r - a scroll of revelation {unknown}
 s - a scroll of enchant weapon {unknown}
 u - a scroll of fear {unknown}
Potions
 f - 2 potions of attraction {unknown}
 g - a potion of ambrosia {unknown}
 k - a potion of curing {unknown}
 m - a potion of heal wounds {unknown}
 w - a potion of enlightenment {unknown}


   Skills:
 + Level 3.4 Fighting
 + Level 3.8 Maces & Flails
 - Level 1.7 Throwing
 + Level 2.3 Armour
 - Level 2.4 Dodging


You had 3 spell levels left.
You didn't know any spells.
Your spell library contained the following spells:

 Spells                   Type           Power      Damage    Failure   Level
 Gell's Gravitas          Tloc           0%         N/A       90%         3
 Teleport Other           Tloc           0%         N/A       90%         3
 Dispersal                Tloc           0%         N/A       100%        6


Dungeon Overview and Level Annotations

Branches:
Dungeon (2/15)

Altars:
Dithmenos
Hepliaklqana
Kikubaaqudgha
Wu Jian
The Shining One


Innate Abilities, Weirdness & Mutations

You are immune to sickness and miasma.
Your stone body is resilient. (AC +3)
You are immune to poison.
You resist negative energy. (rN+)
You are resistant to electric shocks. (rElec)
You are resistant to unholy torment.
You are immune to petrification.


Message History

You hit the jelly.
Your hands burn!
The jelly is moderately wounded.
The jelly barely misses you.
You sock the jelly!
Your hands burn!
The jelly is almost dead.
The endoplasm freezes you.
You are frozen.
The jelly hits you but does no damage.
The endoplasm hits the toadstool.
The toadstool is destroyed!
The endoplasm freezes you.
You are frozen.
The endoplasm hits the fungus.
The fungus begins to die.
The jelly misses you.
The jelly hits the fungus.
The fungus begins to die.
The fungus is splashed with acid.
You thump the endoplasm!
You kill the endoplasm!
Something hits the fungus.
You hit the jelly.
Your hands burn!
The jelly is almost dead.
Something hits the fungus.
The jelly hits you but does no damage.
You hit the jelly.
You kill the jelly!
Your Armour skill increases to level 2!
You have reached level 4!
You feel clever.
You sock the endoplasm!
You kill the endoplasm!
A nearby fungus withers and dies.
The endoplasm jiggles.
The endoplasm freezes you.
You are frozen.
Something hits the fungus.
The fungus is splashed with acid!
The acid corrodes the fungus!
You hit the endoplasm.
The endoplasm is severely wounded.
A nearby fungus withers and dies.
You sock the jelly! The acid corrodes you!
Your hands burn!
* * * LOW HITPOINT WARNING * * *
The jelly is moderately wounded.
You sock the jelly!
Your hands burn!
You die...

.........###.....###<.#)#
...####..##.......##.##.#
....#....##.......##..#.#
...[#.#..##.......###.#.#
....#.#..##.......# #.#.#
......#.######....# #.#.#
....###.###..'....# #.#.#
<...# #.##.######## #...#
#.#####.###..)..@## #####
..#.....# #######J#
.##.#...# ..÷PJ_JJ.#
.##.....# ..÷_JP.J.#
...(....# ..._.J...#
...#.##.# .P._.P.P.#
.....##.# ...P._.P.#
...####.# [........#
........# ##########


You could see a jelly and 2 endoplasms.

Vanquished Creatures
  A jelly (D:2)
  An adder (D:2)
  A dart slug (D:2)
  A bat (D:1)
  6 endoplasms
  A giant cockroach (D:1)
  A goblin (D:1)
  3 hobgoblins (D:2)
  A quokka (D:1)
  5 ball pythons
  A frilled lizard (D:1)
  12 kobolds
  8 rats
42 creatures vanquished.

Notes
Turn   | Place    | Note
-------+----------+-------------------------------------------
     0 | D:1      | Arcadio the Gargoyle Gladiator began the quest for the Orb.
     0 | D:1      | Reached XP level 1. HP: 12/12 MP: 1/1
   238 | D:1      | Reached XP level 2. HP: 11/18 MP: 2/2
   292 | D:1      | Reached skill level 1 in Armour
   508 | D:1      | Found a faded altar of an unknown god.
  1061 | D:2      | Reached XP level 3. HP: 13/22 MP: 3/3
  1514 | D:2      | Found a hazy altar of Hepliaklqana.
  1514 | D:2      | Found a glowing golden altar of the Shining One.
  1514 | D:2      | Found an ornate altar of the Wu Jian Council.
  1514 | D:2      | Found an ornate altar of the Wu Jian Council.
  1514 | D:2      | Found a shadowy altar of Dithmenos.
  1514 | D:2      | Found an ancient bone altar of Kikubaaqudgha.
  1521 | D:2      | Reached XP level 4. HP: 8/28 MP: 4/4
  1523 | D:2      | HP: 1/28 [acid (5)]
  1524 | D:2      | Splashed by a jelly's acid

Illustrated notes

Levels and vault maps discovered:
D:1:      eino_arrival_water_cross, layout_loops_corners,
          shapermc_ecumenical_altar_pompeii, minmay_misc_feat_alley
D:2:      cheibrodos_fertilizer, layout_basic, uniq_crazy_yiuf_cottage

Skill      XL: |  1  2  3 |
---------------+----------+-----
Armour         | 1 2 |  2.3
Fighting       | 3 |  3.4
Maces & Flails | |  3.8
Throwing       | |  1.7
Dodging        | |  2.4

Action                     |  1- 3 |  4- 6 || total
---------------------------+-------+-------++-------
  Melee: Flail             |   110 |     4 ||   114
 Armour: Leather armour    |    63 |       ||    63
         Ring mail         |     2 |       ||     2
  Dodge: Dodged            |    69 |       ||    69
